 Dungeon Crawl Stone Soup version 0.30.0-5-g1a98f26d00 (webtiles) character file.

Game seed: 6313614327756074172

35 ChiliTurd the Firebug (level 3, -2/26 HPs)
             Began as a Hill Orc Fire Elementalist on May 9, 2023.
             Slain by a cerulean imp
             ... wielding a +2 spear
             ... summoned by Natasha
              (6 damage)
             ... on level 2 of the Dungeon.
             The game lasted 00:20:02 (1573 turns).

ChiliTurd the Firebug (Hill Orc Fire Elementalist)  Turns: 1573, Time: 00:20:03

Health: -2/26      AC:  2    Str: 10    XL:     3   Next: 33%
Magic:  1/5        EV: 12    Int: 17    God:
Gold:   40         SH:  0    Dex: 11    Spells: 2/5 levels left

rFire   . . .        c - +0 dagger
rCold   . . .        (no shield)
rNeg    . . .        a - +0 robe
rPois   .            (no helmet)
rElec   .            (no cloak)
rCorr   .            (no gloves)
SInv    .            (no boots)
Will    .....        (no amulet)
Stlth   ++           (no ring)
HPRegen 0.24/turn    (no ring)
MPRegen 0.09/turn

%: no passive effects
@: no status effects
A: no striking features
a: no special abilities


You were on level 2 of the Dungeon.
You visited 1 branch of the dungeon, and saw 2 of its levels.

You collected 40 gold pieces.

Inventory:

Hand Weapons
 c - a +0 dagger (weapon)
Missiles
 e - 16 stones
Armour
 a - a +0 robe (worn)
Scrolls
 d - a scroll of identify {unknown}
 h - a scroll of blinking {unknown}
Potions
 b - a potion of magic
 f - a potion of berserk rage {unknown}
 g - 2 potions of curing {unknown}


   Skills:
 - Level 1.9 Dodging
 - Level 2.0 Stealth
 - Level 1.8 Spellcasting
 - Level 1.5 Conjurations
 + Level 3.8 Fire Magic


You had 2 spell levels left.
You knew the following spells:

 Your Spells              Type           Power      Damage    Failure   Level
a - Foxfire               Conj/Fire      40%        2x1d6     7%          1
b - Scorch                Fire           28%        2d6       6%          2

Your spell library contained the following spells:

 Spells                   Type           Power      Damage    Failure   Level
 Inner Flame              Hex/Fire       8%         N/A       26%         3
 Volatile Blastmotes      Fire/Tloc      16%        2d11      26%         3
 Ozocubu's Armour         Ice            1%         N/A       52%         3
 Flame Wave               Conj/Fire      10%        2d6       54%         4
 Ozocubu's Refrigeration  Ice            0%         4d7       100%        7


Dungeon Overview and Level Annotations

Branches:
Dungeon (2/15)

Altars:

Shops:
D:1 ?*

Annotations:
D:2 Natasha


Message History

Natasha mumbles some strange words.
Casting: Foxfire (safe; 7% risk of failure)
Press: ? - help, Q - select action, (/) - cycle Dir - look around, f - activate You conjure some foxfire!
The foxfire hits Natasha but does no damage.
The foxfire hits Natasha.
Natasha is lightly wounded.
Casting: Foxfire (safe; 7% risk of failure)
Press: ? - help, Q - select action, (/) - cycle Dir - look around, f - activate You conjure some foxfire!
Natasha attacks as you move away! Natasha claws you.
The foxfire hits Natasha.
Natasha is moderately wounded.
The foxfire hits Natasha.
Natasha is moderately wounded.
Casting: Foxfire (safe; 7% risk of failure)
Confirm with . or Enter, or press ? or * to list all spells.
Flames lash the cerulean imp.
The cerulean imp is moderately wounded.
The cerulean imp's fire resistance burns away.
Natasha closely misses you.
The cerulean imp hits you from afar with a +2 spear.
You closely miss Natasha.
Natasha is moderately wounded.
Natasha claws you. The cerulean imp barely misses you.
You hit Natasha but do no damage.
Natasha is moderately wounded.
Natasha claws you. The cerulean imp closely misses you.
You hit Natasha but do no damage.
Natasha is moderately wounded.
The cerulean imp is no longer more vulnerable to fire.
Natasha claws you. The cerulean imp barely misses you.
You hit Natasha but do no damage.
Natasha is moderately wounded.
Natasha barely misses you. The cerulean imp barely misses you.
You hit Natasha.
Natasha is heavily wounded.
Natasha claws you.
* * * LOW HITPOINT WARNING * * *
The cerulean imp hits you from afar with a +2 spear.
You die...

####
#########################...
#>.......5h@................
#...........................
#####.###################...
#.# #... ..# #### .... .....
....... .....5..


You could see Natasha and a cerulean imp (summoned).

Vanquished Creatures
  A worm (D:2)
  3 bats
  3 endoplasms (D:1)
  2 giant cockroaches (D:1)
  2 goblins (D:1)
  2 hobgoblins
  2 jackals (D:1)
  3 kobolds
  5 ball pythons
  A frilled lizard (D:2)
  3 rats (D:1)
27 creatures vanquished.

Vanquished Creatures (others)
  44 foxfires
44 creatures vanquished.

Grand Total: 71 creatures vanquished

Notes
Turn   | Place    | Note
-------+----------+-------------------------------------------
     0 | D:1      | ChiliTurd the Hill Orc Fire Elementalist began the quest
                  | for the Orb.
     0 | D:1      | Reached XP level 1. HP: 14/14 MP: 3/3
   194 | D:1      | Reached XP level 2. HP: 2/20 MP: 4/4
   577 | D:1      | Learned a level 2 spell: Scorch
   744 | D:1      | Found The Oracle's Delphic Readings.
  1016 | D:1      | Found Utung's General Store.
  1031 | D:1      | Reached XP level 3. HP: 26/26 MP: 1/5
  1544 | D:2      | Noticed Natasha
  1573 | D:2      | Slain by a cerulean imp

Illustrated notes

Levels and vault maps discovered:
D:1:      saegor_arrival_simple_d, layout_basic, serial_shops,
          nicolae_shop_advertising_works [nicolae_subvault_shop_adworks],
          nicolae_nh_oracle_at_delphi
D:2:      layout_basic, uniq_natasha

Skill      XL: |  1  2  3 |
---------------+----------+-----
Stealth        | 2 |  2.0
Dodging        | |  1.9
Spellcasting   | |  1.8
Conjurations   | |  1.5
Fire Magic     | |  3.8

Action                     || total
---------------------------++-------
  Melee: Dagger            ||    75
         Unarmed           ||     2
         Punch             ||     2
   Cast: Foxfire           ||    27
         Scorch            ||     1
   Stab: Sleeping          ||     1
 Armour: Robe              ||    16
  Dodge: Dodged            ||    55
